 Dungeon Sprint DCSS version 0.31-a0-18-gea43df2a32 (webtiles) character file.

Game seed: 12331146898861142270

959 bmack86 the Cleaver (level 7, -14/78 HPs)
             Began as a Minotaur Berserker on May 10, 2023.
             Was a Priest of Trog.
             Demolished by an ice devil (19 damage)
             ... summoned by a kobold demonologist
             ... in the Dungeon (Sprint I: "Red Sonja").
             The game lasted 00:03:11 (531 turns).

bmack86 the Cleaver (Minotaur Berserker)             Turns: 531, Time: 00:03:11

Health: -14/78     AC: 12    Str: 23    XL:     7   Next: 91%
Magic:  6/6        EV:  9    Int:  4    God:    Trog [***...]
Gold:   405        SH:  0    Dex: 10    Spells: 6/6 levels left

rFire   . . .        a - +0 hand axe
rCold   . . .        (no shield)
rNeg    . . .        j - +0 chain mail
rPois   .            (helmet restricted)
rElec   .            (no cloak)
rCorr   .            (no gloves)
SInv    .            (no boots)
Will    ++...        (no amulet) Stlth
                     (no ring)
HPRegen 1.33/turn    (no ring)
MPRegen 0.10/turn

%: no teleportation
@: strong-willed (expiring), on berserk cooldown, regenerating (expiring)
A: horns 2, retaliatory headbutt
a: Renounce Religion, Berserk, Trog's Hand


You were in the Dungeon.
You worshipped Trog.
Trog was most pleased with you.
You visited 1 branch You collected 405 gold pieces.

Inventory:

Hand Weapons
 a - a +0 hand axe (weapon)
Armour
 b - a +0 animal skin
 j - a +0 chain mail (worn)
Wands
 i - a wand of charming (5) (quivered)
Scrolls
 h - a scroll of blinking
 k - a scroll of enchant armour {unknown}
Potions
 c - a potion of curing
 d - a potion of heal wounds
 e - a potion of haste
 f - 2 potions of magic
 g - a potion of berserk rage


   Skills:
 + Level 12.4 Fighting
 + Level 12.4 Axes
 + Level 12.2 Armour
 - Level 2.1 Dodging


You had 6 spell levels left.
You didn't know any spells.
Your spell library was empty.

Dungeon Overview and Level Annotations

Branches:
Dungeon (1/1)

Altars:
Cheibriados
Dithmenos
Elyvilon
Fedhas
Gozag
Hepliaklqana
Kikubaaqudgha
Makhleb
Nemelex Xobeh
Okawaru
Qazlal
Ru
Sif Muna
Trog
Uskayaw
Vehumet
Wu Jian
Xom
Yredelemnul
Zin
The Shining One
Jiyva
Lugonu

Shops:
D (


Innate Abilities, Weirdness & Mutations

You have a pair of horns on your head.
You reflexively headbutt those who attack you in melee.


Message History

The kobold demonologist is almost dead.
You completely miss the ice devil.
You hit the kobold demonologist but do no damage.
You closely miss the ice devil.
You feel the effects of Trog's Hand fading.
The ice devil disappears in a puff of smoke!
The white imp lashes its tail.
The ice devil closely misses you. You furiously retaliate!
You headbutt the ice devil!
The kobold demonologist barely misses you.
You furiously retaliate!
You headbutt the kobold demonologist, but do no damage.
The kobold demonologist mumbles some strange words.
You slash the kobold demonologist!
You kill the kobold demonologist!
Trog accepts your kill.
Trog appreciates your killing of a magic user.
The crimson imp disappears in a puff of smoke!
The iron imp disappears in a puff of smoke!
The crimson imp disappears in a puff of smoke!
You barely miss the ice devil. You hit the kobold demonologist.
The ice devil barely misses you. You furiously retaliate!
You headbutt the ice devil!
Your Fighting skill increases to level 12!
Your Axes skill increases to level 12!
Your Armour skill increases to level 12!
You hit the kobold demonologist.
Your headbutt misses the kobold demonologist.
The kobold demonologist is moderately wounded.
You closely miss the ice devil.
The kobold demonologist hits you but does no damage.
You are electrocuted!
* * * LOW HITPOINT WARNING * * *
The white imp lashes its tail.
You barely miss the kobold demonologist.
The kobold demonologist is moderately wounded.
You hit the ice devil but do no damage. The ice devil hits you!
* * * LOW HITPOINT WARNING * * *
The ice devil freezes you!!
You die...

#####################
.)..#..'..#__#44@)§.#
.#..)..#..'..55K#...#
###'#####'#__####...+
##..#...#:#### ####
_####..##[#
____##'#_.+
.∩...†..._#
..__##_.#'#
____###+#.#


You could see 2 ice devils, a kobold demonologist and 2 white imps.

Vanquished Creatures
  A kobold demonologist (D)
  A slime creature (D)
  Sigmund (D)
  A yak (D)
  A floating eye (D)
  An ogre (D)
  A jelly (D)
  Ijyb (D)
8 creatures vanquished.

Notes
Turn   | Place    | Note
-------+----------+-------------------------------------------
     0 | D        | bmack86 the Minotaur Berserker began the quest for the Orb.
     0 | D        | Reached XP level 1. HP: 19/19 MP: 0/0
     2 | D        | Noticed Ijyb
     9 | D        | Killed Ijyb
    10 | D        | Reached skill level 5 in Fighting
    10 | D        | Reached skill level 5 in Axes
    10 | D        | Reached XP level 2. HP: 29/29 MP: 1/1
    57 | D        | Noticed an ogre
    63 | D        | HP: 2/43 [ogre/+0 giant club (7)]
    65 | D        | Killed an ogre
    66 | D        | Reached XP level 3. HP: 3/39 MP: 2/2
    66 | D        | Reached XP level 4. HP: 4/47 MP: 3/3
   221 | D        | Noticed Sigmund
   246 | D        | Killed Sigmund
   246 | D        | Reached ** piety under Trog
   247 | D        | Reached XP level 5. HP: 26/57 MP: 4/4
   262 | D        | Found an ornate altar of the Wu Jian Council.
   262 | D        | Found a shimmering blue altar of Sif Muna.
   264 | D        | Found a radiant altar of Vehumet.
   270 | D        | Reached XP level 6. HP: 17/64 MP: 5/5
   432 | D        | Found a burning altar of Makhleb.
   432 | D        | Found a viscous altar of Jiyva.
   432 | D        | Found a shimmering altar of Xom.
   432 | D        | Found a corrupted altar of Lugonu.
   432 | D        | Noticed a slime creature
   438 | D        | Killed a slime creature
   439 | D        | Reached skill level 10 in Fighting
   439 | D        | Reached skill level 10 in Axes
   439 | D        | Reached skill level 10 in Armour
   479 | D        | Found Huiddou Asox's Antique Weapon Emporium.
   479 | D        | Found an ancient bone altar of Kikubaaqudgha.
   479 | D        | Found a hazy altar of Hepliaklqana.
   479 | D        | Found a stormy altar of Qazlal.
   479 | D        | Found a hide-covered altar of Uskayaw.
   479 | D        | Found a blossoming altar of Fedhas.
   479 | D        | Found a bloodstained altar of Trog.
   479 | D        | Found an iron altar of Okawaru.
   479 | D        | Found a basalt altar of Yredelemnul.
   479 | D        | Found a glowing golden altar of the Shining One.
   479 | D        | Found a snail-covered altar of Cheibriados.
   479 | D        | Found a sacrificial altar of Ru.
   479 | D        | Found a glowing silver altar of Zin.
   479 | D        | Found a shadowy altar of Dithmenos.
   479 | D        | Found a white marble altar of Elyvilon.
   479 | D        | Noticed a yak
   485 | D        | Killed a yak
   486 | D        | Reached XP level 7. HP: 74/74 MP: 6/6
   486 | D        | Found an opulent altar of Gozag.
   487 | D        | Found a sparkling altar of Nemelex Xobeh.
   511 | D        | Noticed a kobold demonologist
   511 | D        | Noticed a kobold demonologist
   512 | D        | Paralysed by a floating eye for 2 turns
   513 | D        | Noticed an ice devil
   519 | D        | Noticed an ice devil
   526 | D        | Noticed an ice devil
   529 | D        | Killed a kobold demonologist
   529 | D        | Reached *** piety under Trog
   531 | D        | Demolished by an ice devil

Illustrated notes

Levels and vault maps discovered:
D:        dungeon_sprint_1 [red_sonja_temple_1, red_sonja_temple_small_1]

Skill      XL: |  1  2  3  4  5  6  7 |
---------------+----------------------+-----
Fighting       | 5 7 9 11 12 | 12.4
Axes           | 5 7 9 11 12 | 12.4
Armour         | 4 6 8 9 11 12 | 12.2
Dodging        | |  2.1

Action                     |  1- 3 |  4- 6 |  7- 9 || total
---------------------------+-------+-------+-------++-------
  Melee: Hand axe          |    13 |    20 |    17 ||    50
         Headbutt          |     2 |     6 |     4 ||    12
         Punch             |       |     1 |       ||     1
 Invoke: Berserk           |     2 |     3 |       ||     5
         Trog's Hand       |       |       |     1 ||     1
 Armour: Chain mail        |       |    11 |     7 ||    18
  Dodge: Dodged            |     3 |     9 |    10 ||    22

Table legend: (Time is in decaauts)
 A = Elapsed time spent in this place.
 B = Non-inter-level travel time spent in this place.
 C = Inter-level travel time spent in this place.
 D = Time resting spent in this place.
 E = Time spent auto-exploring this place.
 F = Levels seen in this place.
 G = Mean time per level.
                   A        B        C        D        E       F      G
               +--------+--------+--------+--------+--------+-----+--------+
         Total |    570 |    570 |      0 |    323 |      0 |   1 |  570.0 |
       Dungeon |    570 |    570 |      0 |    323 |      0 |   1 |  570.0 |
               +--------+--------+--------+--------+--------+-----+--------+

Top non-repeatable levels by time:
       D: 570 daAuts
